PCL
LAS VEGAS STARS @ ALBUQUERQUE ISOTOPES
07/22/2027
 
TOP OF THE 1ST
Las Vegas Stars batting - Pitching for Albuquerque Isotopes : RHP Rafael Trujillo
Pitching: RHP Rafael Trujillo
Batting: RHB Jonathan MacVey 0-0: Called Strike
0-1: Foul Ball, location: 2F
0-2: Foul Ball, location: 2F
0-2: Ball
1-2: Ball
2-2: SINGLE (Line Drive, 7LS)
Batting: RHB Juan Valverde 0-0: Swinging Strike
0-1: Swinging Strike
0-2: Ball
1-2: Ball
2-2: Ball
3-2: Fly out, F6 (Line Drive, 6)
Batting: LHB Bryan Foster 0-0: Called Strike
0-1: Ball
1-1: Ball
2-1: Ball
3-1: Base on Balls
Jonathan MacVey to second
Batting: RHB Kyle Bacon 0-0: Ball
1-0: Ball
2-0: Foul Ball, location: 2F
2-1: Fly out, F7 (Flyball, 7S)
Batting: SHB Héctor Barajas 0-0: Foul Ball, location: 2F
0-1: Ball
1-1: Ball
2-1: 3-RUN HOME RUN (Flyball, 8LXD), Distance : 419 ft
Batting: LHB Diego Torres 0-0: Ball
1-0: Ball
2-0: Ground out 4-3 (Groundball, 4)
Top of the 1st over - 3 run(s), 2 hit(s), 0 error(s), 0 left on base; Las Vegas 3 - Albuquerque 0
BOTTOM OF THE 1ST
Albuquerque Isotopes batting - Pitching for Las Vegas Stars : RHP Kyoshi Asano
Pitching: RHP Kyoshi Asano
Batting: RHB Arturo García 0-0: Ball
1-0: Ground out 5-3 (Groundball, 5S)
Batting: RHB Dave Mullen 0-0: Foul Ball, location: 2F
0-1: Ball
1-1: DOUBLE (Line Drive, 7LD)
Batting: LHB Bernardo Montés 0-0: Called Strike
Dave Mullen is caught stealing 3rd base
0-1: Ball
1-1: Ball
2-1: Foul Ball, location: 2F
2-2: SINGLE (Groundball, 56D)
Batting: LHB Mark Vestal 0-0: Called Strike
0-1: Ball
1-1: Ball
2-1: Foul Ball, location: 2F
2-2: Fly out, F7 (Flyball, 7S)
Bottom of the 1st over - 0 run(s), 2 hit(s), 0 error(s), 1 left on base; Las Vegas 3 - Albuquerque 0
TOP OF THE 2ND
Las Vegas Stars batting - Pitching for Albuquerque Isotopes : RHP Rafael Trujillo
Batting: LHB William Wolf 0-0: Called Strike
0-1: Ball
1-1: SINGLE (Groundball, 56D)
Batting: RHB Ryan McBride 0-0: Ball
1-0: Foul Ball, location: 2F
1-1: Ball
2-1: Ball
3-1: Base on Balls
William Wolf to second
Batting: LHB Paco Rivera 0-0: Called Strike
0-1: Fly out, F8 (Flyball, 78M)
Batting: RHB Jonathan MacVey 0-0: Grounds into double play, 6-4-3 (Groundball, 6)
Top of the 2nd over - 0 run(s), 1 hit(s), 0 error(s), 1 left on base; Las Vegas 3 - Albuquerque 0
BOTTOM OF THE 2ND
Albuquerque Isotopes batting - Pitching for Las Vegas Stars : RHP Kyoshi Asano
Batting: LHB António De Los Ángeles 0-0: Ball
1-0: Foul Ball, location: 2F
1-1: Foul Ball, location: 2F
1-2: Ball
2-2: SINGLE (Groundball, 4MD)
Batting: RHB Alfonso Huertas 0-0: Swinging Strike
0-1: Foul Ball, location: 2F
0-2: Ball
1-2: SINGLE (Groundball, 4MD)
António De Los Ángeles to second
Batting: RHB Juan Alberto 0-0: Ball
1-0: Foul Ball, location: 2F
1-1: Ball
2-1: Called Strike
2-2: Grounds into double play, 5-4-3 (Groundball, 56)
António De Los Ángeles to third
Batting: LHB Fernando Ortíz 0-0: Ball
1-0: Swinging Strike
1-1: Called Strike
1-2: Foul Ball, location: 2F
1-2: Foul Ball, location: 2F
1-2: Fly out, F9 (Line Drive, 9D)
Bottom of the 2nd over - 0 run(s), 2 hit(s), 0 error(s), 1 left on base; Las Vegas 3 - Albuquerque 0
TOP OF THE 3RD
Las Vegas Stars batting - Pitching for Albuquerque Isotopes : RHP Rafael Trujillo
Batting: RHB Juan Valverde 0-0: Ball
1-0: Ball
2-0: Ball
3-0: Called Strike
3-1: Fly out, F9 (Flyball, 9S)
Batting: LHB Bryan Foster 0-0: Foul Ball, location: 2F
0-1: Ball
1-1: Called Strike
1-2: Foul Ball, location: 2F
1-2: Foul Ball, location: 2F
1-2: Ball
2-2: Ball
3-2: Base on Balls
Batting: RHB Kyle Bacon 0-0: Swinging Strike
0-1: Swinging Strike
0-2: Ball
1-2: Strikes out swinging
Batting: SHB Héctor Barajas 0-0: Called Strike
0-1: Fly out, F7 (Flyball, 7LM)
Top of the 3rd over - 0 run(s), 0 hit(s), 0 error(s), 1 left on base; Las Vegas 3 - Albuquerque 0
BOTTOM OF THE 3RD
Albuquerque Isotopes batting - Pitching for Las Vegas Stars : RHP Kyoshi Asano
Batting: LHB A.J. Major 0-0: Ground out U3 (Groundball, 34)
Batting: RHB Arturo García 0-0: Called Strike
0-1: Ball
1-1: Ball
2-1: Ground out 6-3 (Groundball, 6)
Batting: RHB Dave Mullen 0-0: Swinging Strike
0-1: Ball
1-1: Foul Ball, location: 2F
1-2: Strikes out looking
Bottom of the 3rd over - 0 run(s), 0 hit(s), 0 error(s), 0 left on base; Las Vegas 3 - Albuquerque 0
TOP OF THE 4TH
Las Vegas Stars batting - Pitching for Albuquerque Isotopes : RHP Rafael Trujillo
Batting: LHB Diego Torres 0-0: Ball
1-0: Ball
2-0: Ball
3-0: Base on Balls
Batting: LHB William Wolf 0-0: Fly out, F7 (Flyball, 78M)
Batting: RHB Ryan McBride 0-0: Called Strike
0-1: Called Strike
0-2: Foul Ball, location: 2F
0-2: Ball
1-2: Ball
2-2: Fly out, F3 (Popup, 3S)
Batting: LHB Paco Rivera 0-0: Called Strike
0-1: Swinging Strike
0-2: Fly out, F7 (Flyball, 7LS)
Top of the 4th over - 0 run(s), 0 hit(s), 0 error(s), 1 left on base; Las Vegas 3 - Albuquerque 0
BOTTOM OF THE 4TH
Albuquerque Isotopes batting - Pitching for Las Vegas Stars : RHP Kyoshi Asano
Batting: LHB Bernardo Montés 0-0: Called Strike
0-1: Ball
1-1: Called Strike
1-2: SINGLE (Groundball, 34D)
Batting: LHB Mark Vestal 0-0: Called Strike
0-1: Fly out, F7 (Flyball, 7S)
Batting: LHB António De Los Ángeles 0-0: Called Strike
0-1: DOUBLE (Line Drive, 5D)
Bernardo Montés to third
Batting: RHB Alfonso Huertas 0-0: SINGLE (Flyball, 8RS)
Bernardo Montés scores
António De Los Ángeles to third
Batting: RHB Juan Alberto 0-0: Ball
1-0: Called Strike
Throwing error on steal attempt, E2
António De Los Ángeles scores
Alfonso Huertas to third
1-1: Fly out, F8 (Flyball, 8LXD)
Runner from 3rd tags up, SCORES, no throw
Now in CF: Ron Shelton
Batting: LHB Fernando Ortíz 0-0: Ball
1-0: Ground out U3 (Groundball, 3)
Bottom of the 4th over - 3 run(s), 3 hit(s), 1 error(s), 0 left on base; Las Vegas 3 - Albuquerque 3
TOP OF THE 5TH
Las Vegas Stars batting - Pitching for Albuquerque Isotopes : RHP Rafael Trujillo
Batting: RHB Jonathan MacVey 0-0: Ball
1-0: Foul Ball, location: 2F
1-1: Ball
2-1: Swinging Strike
2-2: SINGLE (Line Drive, 8LS)
Batting: RHB Juan Valverde 0-0: Ball
1-0: Called Strike
1-1: DOUBLE (Line Drive, 8RD)
Jonathan MacVey to third
Jonathan MacVey scores
Batting: RHB Ron Shelton 0-0: Intentional Walk
Batting: RHB Kyle Bacon 0-0: Ball
1-0: Called Strike
1-1: Ball
2-1: Foul Ball, location: 2F
2-2: Ball
3-2: Foul Ball, location: 2F
3-2: Base on Balls
Juan Valverde to third
Ron Shelton to second
Batting: SHB Héctor Barajas 0-0: Grounds into fielders choice 3-2 (Groundball, 34S)
Ron Shelton to third
Kyle Bacon to second
Batting: LHB Diego Torres 0-0: Called Strike
0-1: Ball
1-1: Grounds into fielders choice 4-2 (Groundball, 4S)
Kyle Bacon to third
Héctor Barajas to second
Batting: LHB William Wolf 0-0: Ball
1-0: Ball
2-0: Ball
3-0: Swinging Strike
3-1: Base on Balls
Kyle Bacon scores
Héctor Barajas to third
Diego Torres to second
Batting: RHB Ryan McBride 0-0: SINGLE (Groundball, 34D)
Héctor Barajas scores
Diego Torres to third
William Wolf to second
Runner from 3rd tries for Home, SAFE, no throw
Batting: LHB Paco Rivera 0-0: Called Strike
0-1: Ball
1-1: Foul Ball, location: 2F
1-2: Ball
2-2: Fly out, F8 (Flyball, 8RS)
Top of the 5th over - 4 run(s), 3 hit(s), 0 error(s), 2 left on base; Las Vegas 7 - Albuquerque 3
BOTTOM OF THE 5TH
Albuquerque Isotopes batting - Pitching for Las Vegas Stars : RHP Kyoshi Asano
Batting: LHB A.J. Major 0-0: Called Strike
0-1: Ball
1-1: Called Strike
1-2: Fly out, F2 (Popup, 23)
Batting: RHB Arturo García 0-0: Ball
1-0: Called Strike
1-1: Ball
2-1: Ground out 5-3 (Groundball, 5)
Batting: RHB Dave Mullen 0-0: Called Strike
0-1: Ground out 4-3 (Groundball, 4)
Bottom of the 5th over - 0 run(s), 0 hit(s), 0 error(s), 0 left on base; Las Vegas 7 - Albuquerque 3
TOP OF THE 6TH
Las Vegas Stars batting - Pitching for Albuquerque Isotopes : RHP Rafael Trujillo
Batting: RHB Jonathan MacVey 0-0: Called Strike
0-1: Foul Ball, location: 2F
0-2: Ball
1-2: Foul Ball, location: 2F
1-2: Ground out 6-3 (Groundball, 6)
Batting: RHB Juan Valverde 0-0: Called Strike
0-1: DOUBLE (Groundball, 5L)
Batting: RHB Ron Shelton 0-0: Intentional Walk
Pitching: RHP Kenny Skinner
Batting: RHB Kyle Bacon 0-0: Foul Ball, location: 2F
0-1: Ball
1-1: DOUBLE (Line Drive, 7LS)
Juan Valverde scores
Ron Shelton to third
Pitching: RHP Manny Muñóz
Batting: SHB Héctor Barajas 0-0: Foul Ball, location: 2F
0-1: Ball
1-1: Foul Ball, location: 2F
1-2: Strikes out swinging
Batting: LHB Diego Torres 0-0: Called Strike
0-1: Ball
1-1: Fly out, F8 (Flyball, 78D)
Top of the 6th over - 1 run(s), 2 hit(s), 0 error(s), 2 left on base; Las Vegas 8 - Albuquerque 3
BOTTOM OF THE 6TH
Albuquerque Isotopes batting - Pitching for Las Vegas Stars : RHP Kyoshi Asano
Batting: LHB Bernardo Montés 0-0: SINGLE (Groundball, 34D)
Pitching: LHP Pedro Veláquez
Batting: LHB Mark Vestal 0-0: Called Strike
0-1: Fly out, F8 (Line Drive, 78S)
Batting: LHB António De Los Ángeles 0-0: Foul Ball, location: 2F
0-1: Ball
1-1: Called Strike
1-2: SINGLE (Groundball, 56D)
Bernardo Montés to second
Batting: RHB Alfonso Huertas 0-0: Called Strike
0-1: Foul Ball, location: 2F
0-2: Ball
1-2: Grounds into double play, 4-6-3 (Groundball, 4)
Bottom of the 6th over - 0 run(s), 2 hit(s), 0 error(s), 1 left on base; Las Vegas 8 - Albuquerque 3
TOP OF THE 7TH
Las Vegas Stars batting - Pitching for Albuquerque Isotopes : RHP Manny Muñóz
Batting: LHB William Wolf 0-0: Called Strike
0-1: Ball
1-1: Foul Ball, location: 2F
1-2: SINGLE (Groundball, 34S) (infield hit)
Batting: RHB Ryan McBride 0-0: Foul Ball, location: 2F
0-1: Ball
1-1: SINGLE (Groundball, 56D)
William Wolf to second
Batting: LHB Paco Rivera 0-0: Ball
1-0: Ball
2-0: Ball
3-0: Called Strike
3-1: Base on Balls
William Wolf to third
Ryan McBride to second
Batting: RHB Jonathan MacVey 0-0: Ball
1-0: Ball
2-0: Called Strike
2-1: Foul Ball, location: 2F
2-2: Ball
3-2: Foul Ball, location: 2F
3-2: Base on Balls
William Wolf scores
Ryan McBride to third
Paco Rivera to second
Batting: RHB Juan Valverde 0-0: Called Strike
0-1: Ball
1-1: Swinging Strike
1-2: Foul Ball, location: 2F
1-2: SINGLE (Line Drive, 6MD)
Ryan McBride scores
Paco Rivera to third
Jonathan MacVey to second
Batting: RHB Ron Shelton 0-0: Ball
1-0: Called Strike
1-1: Foul Ball, location: 2F
1-2: Ball
2-2: Ball
3-2: SINGLE (Line Drive, 9S)
Paco Rivera scores
Jonathan MacVey to third
Juan Valverde to second
Batting: RHB Kyle Bacon 0-0: Ball
1-0: Foul Ball, location: 2F
1-1: Ball
2-1: Foul Ball, location: 2F
2-2: Foul Ball, location: 2F
2-2: Ball
3-2: SINGLE (Groundball, 34D)
Jonathan MacVey scores
Juan Valverde to third
Ron Shelton to second
Batting: SHB Héctor Barajas 0-0: Called Strike
0-1: Ball
1-1: Foul Ball, location: 2F
1-2: Foul Ball, location: 2F
1-2: Foul Ball, location: 2F
1-2: SINGLE (Groundball, 5D)
Juan Valverde scores
Ron Shelton to third
Kyle Bacon to second
Runner from 3rd tries for Home, throw and OUT!
Kyle Bacon to third
Héctor Barajas to second
Batting: LHB Diego Torres 0-0: Ball
1-0: Ball
2-0: Ball
3-0: Called Strike
3-1: Base on Balls
Batting: LHB William Wolf 0-0: Swinging Strike
0-1: Ball
1-1: Ball
2-1: SINGLE (Flyball, 7LM)
Kyle Bacon scores
Héctor Barajas to third
Diego Torres to second
Runner from 3rd tries for Home, SAFE, throw made home
Diego Torres to third
William Wolf to second
Batting: RHB Ryan McBride 0-0: Called Strike
0-1: Ball
1-1: Reached on error, E4 (Groundball, 34)
Diego Torres scores
William Wolf to third
Pitching: RHP Alden Isenhood
Batting: LHB Paco Rivera 0-0: Ball
1-0: Ground out U3 (Groundball, 34S)
William Wolf scores
Ryan McBride to second
Batting: RHB Jonathan MacVey 0-0: Called Strike
0-1: Swinging Strike
0-2: Ball
1-2: Fly out, F7 (Flyball, 7S)
Top of the 7th over - 9 run(s), 7 hit(s), 1 error(s), 1 left on base; Las Vegas 17 - Albuquerque 3
BOTTOM OF THE 7TH
Albuquerque Isotopes batting - Pitching for Las Vegas Stars : LHP Pedro Veláquez
Batting: RHB Juan Alberto 0-0: Called Strike
0-1: Swinging Strike
0-2: Strikes out swinging
Batting: LHB Fernando Ortíz 0-0: Called Strike
0-1: Ground out 3-1 (Groundball, 34)
Batting: LHB A.J. Major 0-0: Foul Ball, location: 2F
0-1: Swinging Strike
0-2: Foul Ball, location: 2F
0-2: Ball
1-2: Foul Ball, location: 2F
1-2: SINGLE (Line Drive, 78S)
Batting: RHB Arturo García 0-0: Ball
1-0: Foul Ball, location: 2F
1-1: Ball
2-1: Called Strike
2-2: SINGLE (Line Drive, 56)
A.J. Major to second
Batting: RHB Dave Mullen 0-0: Called Strike
0-1: Foul Ball, location: 2F
0-2: SINGLE (Groundball, 4MD)
A.J. Major to third
Arturo García to second
Runner from 3rd tries for Home, SAFE, no throw
Batting: LHB Bernardo Montés 0-0: Called Strike
0-1: SINGLE (Groundball, 6D)
Arturo García to third
Dave Mullen to second
Runner from 3rd tries for Home, SAFE, no throw
Batting: LHB Mark Vestal 0-0: Foul Ball, location: 2F
0-1: Ball
1-1: Ground out U3 (Groundball, 3L)
Bottom of the 7th over - 2 run(s), 4 hit(s), 0 error(s), 2 left on base; Las Vegas 17 - Albuquerque 5
TOP OF THE 8TH
Las Vegas Stars batting - Pitching for Albuquerque Isotopes : RHP Alden Isenhood
Batting: RHB Juan Valverde 0-0: Ball
1-0: Foul Ball, location: 2F
1-1: Ball
2-1: Fly out, F4 (Line Drive, 4M)
Batting: RHB Ron Shelton 0-0: Ground out 5-3 (Groundball, 56)
Batting: RHB Kyle Bacon 0-0: Foul Ball, location: 2F
0-1: Ball
1-1: Fly out, F3 (Popup, 34)
Top of the 8th over - 0 run(s), 0 hit(s), 0 error(s), 0 left on base; Las Vegas 17 - Albuquerque 5
BOTTOM OF THE 8TH
Albuquerque Isotopes batting - Pitching for Las Vegas Stars : LHP Pedro Veláquez
Batting: LHB António De Los Ángeles 0-0: Called Strike
0-1: Foul Ball, location: 2F
0-2: Ball
1-2: Strikes out swinging
Batting: RHB Alfonso Huertas 0-0: Foul Ball, location: 2F
0-1: Foul Ball, location: 2F
0-2: Ball
1-2: Fly out, F7 (Flyball, 7S)
Batting: RHB Juan Alberto 0-0: Foul Ball, location: 2F
0-1: Ball
1-1: Ball
2-1: Ball
3-1: Ground out 6-3 (Groundball, 6MS)
Bottom of the 8th over - 0 run(s), 0 hit(s), 0 error(s), 0 left on base; Las Vegas 17 - Albuquerque 5
TOP OF THE 9TH
Las Vegas Stars batting - Pitching for Albuquerque Isotopes : RHP Alden Isenhood
Batting: SHB Héctor Barajas 0-0: Called Strike
0-1: Ball
1-1: Fly out, F6 (Line Drive, 6)
Batting: LHB Diego Torres 0-0: Swinging Strike
0-1: Ball
1-1: Fly out, F7 (Flyball, 7S)
Batting: LHB William Wolf 0-0: Ball
1-0: Called Strike
1-1: DOUBLE (Line Drive, 7LM)
Pinch Runner at 2nd José Zúñiga:
Batting: RHB Ryan McBride 0-0: Foul Ball, location: 2F
0-1: Ball
1-1: Swinging Strike
1-2: Strikes out swinging
Top of the 9th over - 0 run(s), 1 hit(s), 0 error(s), 1 left on base; Las Vegas 17 - Albuquerque 5
BOTTOM OF THE 9TH
Albuquerque Isotopes batting - Pitching for Las Vegas Stars : LHP Pedro Veláquez
Now in LF: José Zúñiga
Batting: LHB Fernando Ortíz 0-0: Called Strike
0-1: Ball
1-1: Ball
2-1: Ball
3-1: Fly out, F9 (Flyball, 9S)
Batting: LHB A.J. Major 0-0: Fly out, F3 (Popup, 3L)
Batting: RHB Arturo García 0-0: Called Strike
0-1: Foul Ball, location: 2F
0-2: Strikes out swinging
Bottom of the 9th over - 0 run(s), 0 hit(s), 0 error(s), 0 left on base; Las Vegas 17 - Albuquerque 5
Thursday, March 30th, 2017 - OOTP Baseball 17.12 Build 75